 Dungeon Crawl Stone Soup version 0.29-a0-577-gafbf2c5d25 (webtiles) character file.

Game seed: 1366531849379172551

39860 zishaf the Fighter (level 14, -13/106 HPs)
             Began as a Djinni Venom Mage on June 13, 2022.
             Was a High Priest of Makhleb.
             Mangled by a skeletal warrior
             ... wielding a +0 glaive
              (30 damage)
             ... on level 14 of the Dungeon.
             The game lasted 00:53:08 (14683 turns).

zishaf the Fighter (Djinni Venom Mage)             Turns: 14683, Time: 00:53:09

Health: -13/106    AC:  9    Str:  9    XL:     14   Next: 41%
Gold:   516        EV:  5    Int: 21    God:    Makhleb [*****.] SH: 29 Dex: 15

rFire   + + +      SeeInvis +   a - +9 trident of Balance {vorpal, rF+ rCorr Str+2 SInv}
rCold   x . .      Faith    +   L - +18 shield of the Gong {rElec rN+ Will+ EV-5}
rNeg    + . .      Spirit   .   K - +2 troll leather armour {Snorg}
rPois   ∞          Reflect  .   d - +1 hat
rElec   +          Harm     .   I - +1 cloak
rCorr   +          Rampage  .   (no gloves)
Will    ++...                   (boots unavailable)
Stlth   ++........              E - amulet of faith
HPRegen 1.07/turn               w - +4 ring of slaying
MPRegen 0.00/turn               r - ring of see invisible

@: flying
A: sickness immunity, fire resistance 2, cold vulnerability 1, float, innate
caster, HP casting, extra vitality 1
a: Renounce Religion, Minor Destruction, Lesser Servant of Makhleb, Major
Destruction, Greater Servant of Makhleb


You were on level 14 of the Dungeon.
You worshipped Makhleb.
Makhleb was extremely pleased with you.
You visited 2 branches of the dungeon, and saw 16 of its levels.
You also visited: Ossuary.

You collected 1046 gold pieces.
You spent 530 gold pieces at shops.

Inventory:

Hand Weapons
 a - the +9 trident of Balance (weapon) {vorpal, rF+ rCorr Str+2 SInv}
   (You bought it in a shop on level 11 of the Dungeon)

   It inflicts extra damage upon your enemies.
   Str:       It affects your strength (+2).
   rF:        It protects you from fire.
   SInv:      It lets you see invisible.
   rCorr:     It protects you from acid and corrosion.
 v - a +3 dagger of holy wrath
Armour
 d - a +1 hat (worn)
 h - a +0 kite shield
 i - a +0 buckler
 G - the +1 leather armour of the Arena {rElec Str-2 Int+5 SInv}
   (You found it on level 9 of the Dungeon)

   Str:       It affects your strength (-2).
   Int:       It affects your intelligence (+5).
   rElec:     It insulates you from electricity.
   SInv:      It lets you see invisible.
 I - a +1 cloak (worn)
 K - a +2 troll leather armour (worn) {Snorg}
 L - the +18 shield of the Gong (worn) {rElec rN+ Will+ EV-5}
   (You found it on level 12 of the Dungeon)

   It is deafeningly noisy when blocking attacks.
   EV:        It affects your evasion (-5).
   rElec:     It insulates you from electricity.
   rN:        It protects you from negative energy.
   Will:      It increases your willpower.
Magical Staves
 M - a staff of earth
Jewellery
 c - a ring of positive energy
 f - a ring of fire
 o - an amulet of regeneration
 r - a ring of see invisible (right hand)
 w - a +4 ring of slaying (left hand)
 E - an amulet of faith (around neck)
Wands
 e - a wand of polymorph (10)
 s - a wand of iceblast (49)
 x - a wand of charming (7)
 D - a wand of mindburst (8)
 J - a wand of flame (21)
Scrolls
 b - 7 scrolls of immolation
 m - a scroll of blinking
 y - a scroll of identify
 A - a scroll of fear
 B - 4 scrolls of enchant weapon
 C - a scroll of magic mapping
Potions
 g - 4 potions of brilliance
 j - 6 potions of heal wounds
 k - a potion of lignification
 l - 12 potions of curing
 q - 2 potions of mutation
 t - a potion of might
 u - a potion of attraction
 z - 5 potions of haste
 F - 2 potions of cancellation
 H - 4 potions of ambrosia


   Skills:
 + Level 11.8 Fighting
 + Level 5.8 Polearms
 - Level 2.1 Dodging
 - Level 1.5 Stealth
 - Level 8.0 Shields
 + Level 11.2 Spellcasting
 + Level 10.5 Invocations
 - Level 5.0 Evocations


You had 5 spell levels left.
You knew the following spells:

 Your Spells              Type           Power      Damage    Failure   Level
a - Lightning Bolt        Conj/Air       28%        1d44      5%          5
b - Inner Flame           Hex/Fire       56%        N/A       1%          3
c - Poisonous Vapours     Pois/Air       100%       N/A       1%          2
d - Lee's Rapid Deconstr  Erth           28%        3d16*     5%          5
e - Passage of Golubria   Tloc           56%        N/A       1%          4
f - Sting                 Tmut/Pois      100%       1d8       1%          1
x - Passwall              Tmut/Erth      46%        N/A       1%          2
z - Mephitic Cloud        Conj/Pois/Air  56%        N/A       1%          3
A - Olgreb's Toxic Radia  Pois           56%        N/A       1%          4
B - Foxfire               Conj/Fire      100%       2x1d9     1%          1
Your spell library was empty.

Dungeon Overview and Level Annotations

Branches:
Dungeon (15/15)            Temple (1/1) D:6            Lair (0/6) D:9
    Orc (0/2) D:11         Depths (0/4) D:15        Ossuary (visited)
 Vaults: D:13-14

Altars:
Ashenzari
Cheibriados
Dithmenos
Elyvilon
Fedhas
Gozag
Hepliaklqana
Kikubaaqudgha
Makhleb
Nemelex Xobeh
Okawaru
Qazlal
Ru
Sif Muna
Trog
Uskayaw
Vehumet
Wu Jian
Xom
Yredelemnul
Zin
The Shining One

Shops:
D:6 !   D:11 :*(!

Portals:
Trove: D:10 (give 6 scrolls of blinking)

Annotations:
D:8 2 transporters, YayAnonymity's ghost, novice DsFi


Innate Abilities, Weirdness & Mutations

You are immune to sickness and miasma.
You are immune to poison.
Your flesh is very heat resistant. (rF++)
You are vulnerable to cold. (rC-)
You float through the air rather than walking.
You learn spells naturally, not from books.
Your magical power is your life essence.
You have superior vitality. (+4 MHP)


Message History

You block the boggart zombie's attack.
SHROANNG!
You block the mummy's attack.
BONNNG!
As you read the scroll of fear, it crumbles to dust.
You assume a fearsome visage.
The mummy is unaffected.
The boggart zombie is unaffected.
The skeletal warrior is unaffected.
The orc looks frightened! x2; The orc wizard looks frightened!
You block the boggart zombie's attack.
SHROANNG!
The skeletal warrior hits you but does no damage.
You puncture the mummy!
The mummy is heavily damaged.
You block the boggart zombie's attack.
BOUMMMMG!
The skeletal warrior hits you from afar with a +0 glaive!
* * * LOW HITPOINT WARNING * * *
You block the mummy's attack.
BONNNG!
The orc knight roars a battlecry!
The orc goes into a battle-frenzy!
You block the boggart zombie's attack.
GONNNNG!
The skeletal warrior hits you from afar with a +0 glaive!
* * * LOW HITPOINT WARNING * * *
You impale the mummy!!
You destroy the mummy!
Makhleb accepts your kill.
You block the skeletal warrior's attack.
GONNNNG!
You block the boggart zombie's attack.
GONNNNG!
You puncture the deep elf pyromancer!
The deep elf pyromancer is moderately wounded.
You block the boggart zombie's attack.
PTOANNNG!
The deep elf pyromancer points at you and mumbles some strange words.
The bolt of fire misses you.
The skeletal warrior hits you from afar with a +0 glaive!!
You die...

#.# #.........#.o....
#.# #.##....######M##
####.###.#####.# #.M..o.
#..†u....#####.###.##'##
#)##)##o....... #R.#...#
#§##†##u####....°..#.8.#
#.##.##z# #.....#.#...#
#u##o##Z# #..○..#.##n##
#z##.##@# #..○..#.....
#o)...e.# #.... ### ..
####.#### ###.# #.# #.
#.# #.. ...< #.##. #.#
u# ##


You could see an orc knight, a brown ugly thing, a skeletal warrior, a deep elf
pyromancer, an orc (fleeing) and a boggart zombie.

Vanquished Creatures
  Jorgrun (D:13)
  Rupert (D:15)
  4 ghouls (D:14)
  Snorg (D:10)
  2 boulder beetles
  A hydra (D:14)
  2 two-headed ogres (D:13)
  4 centaur warriors
  An ogre mage (D:13)
  A deep elf knight (D:13)
  9 skeletal warriors
  An orc knight (D:13)
  6 deep elf pyromancers
  A manticore (D:12)
  5 ugly things
  A cyclops (D:12)
  A manticore (shapeshifter) (D:14)
  2 vault sentinels (D:12)
  Maggie (D:6)
  3 kobold demonologists
  2 efreet
  A meliai (shapeshifter) (D:13)
  4 trolls
  4 slime creatures (D:14)
  A shadow (D:11)
  3 wyverns (D:9)
  2 wraiths
  22 yaks
  A vampire (D:10)
  A basilisk (D:9)
  Menkaure (D:6)
  A warg (D:14)
  2 acid dragons
  7 water moccasins
  7 orc warriors
  2 ice beasts
  2 sky beasts
  5 ogres
  3 phantoms (D:5)
  11 centaurs
  15 kobold brigands
  6 elf zombies (Ossuary)
  2 bullfrogs
  A scorpion (D:4)
  A necrophage (D:8)
  5 wights
  6 howler monkeys
  7 centaur zombies
  A human zombie (Ossuary)
  A gnoll shaman (D:6)
  Crazy Yiuf (D:5)
  8 orc priests
  5 hounds
  A jelly (D:6)
  13 orc wizards
  An iguana (D:5)
  7 mummies
  5 adders
  3 gnolls (D:6)
  A shadow imp (D:7)
  A white imp (D:5)
  An ufetubus (D:5)
  2 worms
  3 dart slugs
  29 orcs
  7 endoplasms
  4 hobgoblins
  A quokka (D:3)
  5 ball pythons
  5 bats
  A frilled lizard (D:3)
  4 goblins
  30 kobolds
  5 rats
318 creatures vanquished.

Vanquished Creatures (others)
  Erolcha (D:13)
  4 bushes (D:9)
  372 foxfires
  5 fungi (D:9)
  23 plants (D:9)
  14 withered plants
419 creatures vanquished.

Grand Total: 737 creatures vanquished

Notes
Turn   | Place    | Note
-------+----------+-------------------------------------------
     0 | D:1      | zishaf the Djinni Venom Mage began the quest for the Orb.
     0 | D:1      | Reached XP level 1. HP: 15/15 MP: 0/0
   494 | D:1      | Found a faded altar of an unknown god.
   784 | D:2      | Reached XP level 2. HP: 13/22 MP: 0/0
  1149 | D:2      | Reached skill level 1 in Fighting
  1149 | D:2      | Reached XP level 3. HP: 11/27 MP: 0/0
  1149 | D:2      | Learned a level 1 spell: Foxfire
  1270 | D:2      | Reached skill level 1 in Shields
  1637 | D:3      | Reached XP level 4. HP: 31/32 MP: 0/0
  1922 | D:3      | Reached XP level 5. HP: 25/38 MP: 0/0
  1922 | D:3      | Learned a level 2 spell: Passwall
  2088 | D:4      | Reached XP level 6. HP: 36/44 MP: 0/0
  2258 | D:4      | Found a sacrificial altar of Ru.
  2554 | D:4      | Identified the +1 robe "Gamoh" {Str+3 Dex+2}
  2890 | D:5      | Entered Level 5 of the Dungeon
  2895 | D:5      | Reached XP level 7. HP: 50/50 MP: 0/0
  2895 | D:5      | Learned a level 3 spell: Inner Flame
  3255 | D:5      | Reached skill level 5 in Spellcasting
  3434 | D:5      | Reached XP level 8. HP: 51/58 MP: 0/0
  3650 | D:5      | Found a runed translucent door.
  3651 | D:5      | Noticed Crazy Yiuf
  3788 | D:5      | Killed Crazy Yiuf
  4040 | D:6      | Found Rylisefa's Distillery.
  4043 | D:6      | Noticed Maggie
  4049 | D:6      | Killed Maggie
  4050 | D:6      | Reached skill level 5 in Fighting
  4057 | D:6      | Noticed Menkaure
  4062 | D:6      | Killed Menkaure
  4063 | D:6      | Reached XP level 9. HP: 63/65 MP: 0/0
  4063 | D:6      | Learned a level 4 spell: Passage of Golubria
  4069 | D:6      | Bought a potion of curing for 45 gold pieces
  4069 | D:6      | Bought a potion of heal wounds for 75 gold pieces
  4346 | D:6      | Found a staircase to the Ecumenical Temple.
  4387 | Temple   | Entered the Ecumenical Temple
  4674 | Temple   | Became a worshipper of Makhleb the Destroyer
  4903 | D:6      | Reached skill level 1 in Invocations
  4903 | D:6      | Reached skill level 1 in Evocations
  5649 | D:7      | Found a sand-covered staircase.
  5660 | Ossuary  | Entered an ossuary
  6047 | Ossuary  | Reached * piety under Makhleb
  6558 | D:7      | Reached XP level 10. HP: 54/73 MP: 0/0
  7140 | D:8      | Noticed a skeletal warrior
  7145 | D:8      | Found a transporter.
  7609 | D:8      | Found a transporter.
  7612 | D:8      | Noticed YayAnonymity's ghost (novice DsFi)
  7865 | D:9      | Reached ** piety under Makhleb
  9111 | D:9      | Reached skill level 5 in Invocations
  9111 | D:9      | Reached skill level 5 in Evocations
  9111 | D:9      | Reached XP level 11. HP: 66/79 MP: 0/0
  9111 | D:9      | Learned a level 5 spell: Lightning Bolt
  9158 | D:9      | Found a staircase to the Lair.
  9168 | D:9      | Identified the +1 leather armour of the Arena {rElec Str-2
                  | Int+5 SInv}
  9726 | D:10     | Entered Level 10 of the Dungeon
  9740 | D:10     | Noticed Snorg
  9909 | D:10     | Reached *** piety under Makhleb
 10707 | D:10     | Killed Snorg
 11222 | D:10     | Found a portal to a secret trove of treasure.
 11623 | D:11     | Reached **** piety under Makhleb
 11786 | D:11     | Found a staircase to the Orcish Mines.
 11823 | D:11     | Identified the +1 war axe of the Messenger {distort, Will+}
 11910 | D:11     | Noticed a boulder beetle
 11927 | D:11     | Killed a boulder beetle
 11928 | D:11     | Reached XP level 12. HP: 74/90 MP: 0/0
 12050 | D:11     | Found Bogach's Distillery.
 12058 | D:11     | Bought a potion of heal wounds for 65 gold pieces
 12058 | D:11     | Bought a potion of heal wounds for 65 gold pieces
 12117 | D:11     | Found Jefrec's General Store.
 12133 | D:11     | Found Tiugon's Antique Weapon Shop.
 12136 | D:11     | Bought an iridescent trident for 280 gold pieces
 12136 | D:11     | Identified the +9 trident of Balance {vorpal, rF+ rCorr
                  | Str+2 SInv} (You bought it in a shop on level 11 of the
                  | Dungeon)
 12216 | D:11     | Found Siassec's Book Boutique.
 12610 | D:12     | Noticed a skeletal warrior
 12610 | D:12     | Noticed a skeletal warrior
 12610 | D:12     | Noticed a skeletal warrior
 12611 | D:12     | Noticed a skeletal warrior
 12620 | D:12     | Noticed a skeletal warrior
 12628 | D:12     | Reached skill level 1 in Polearms
 12635 | D:12     | Reached skill level 10 in Spellcasting
 12686 | D:11     | Killed a skeletal warrior
 12687 | D:11     | Reached skill level 10 in Fighting
 12687 | D:11     | Reached skill level 5 in Shields
 12716 | D:11     | Killed a skeletal warrior
 12800 | D:12     | Killed a skeletal warrior
 12822 | D:11     | Killed a skeletal warrior
 12915 | D:12     | Killed a skeletal warrior
 13004 | D:12     | Noticed a boulder beetle
 13022 | D:12     | Killed a boulder beetle
 13277 | D:12     | Found the +18 shield of the Gong {rElec rN+ Will+ EV-5}
 13347 | D:13     | Noticed an ogre mage
 13353 | D:13     | Noticed Jorgrun
 13355 | D:13     | Noticed a two-headed ogre
 13358 | D:13     | Noticed a two-headed ogre
 13372 | D:13     | Killed Jorgrun
 13372 | D:13     | Reached ***** piety under Makhleb
 13372 | D:13     | Killed a two-headed ogre
 13372 | D:13     | Noticed a centaur warrior
 13373 | D:13     | Reached XP level 13. HP: 75/97 MP: 0/0
 13373 | D:13     | Learned a level 5 spell: Lee's Rapid Deconstruction
 13401 | D:13     | Noticed Erolcha
 13475 | D:13     | Noticed a centaur warrior
 13477 | D:13     | Killed a centaur warrior
 13479 | D:13     | Killed Erolcha
 13483 | D:13     | Killed a centaur warrior
 13863 | D:13     | Killed an ogre mage
 14007 | D:13     | You are sucked into a shaft and drop 2 floors!
 14007 | D:15     | Entered Level 15 of the Dungeon
 14013 | D:15     | Noticed Rupert
 14032 | D:15     | Killed Rupert
 14102 | D:15     | Noticed a centaur warrior
 14115 | D:14     | Killed a centaur warrior
 14116 | D:14     | Reached skill level 5 in Polearms
 14242 | D:14     | Noticed a ghoul
 14276 | D:14     | Noticed a ghoul
 14278 | D:14     | Noticed a ghoul
 14278 | D:14     | Killed a ghoul
 14279 | D:14     | Reached XP level 14. HP: 98/105 MP: 0/0
 14288 | D:14     | Killed a ghoul
 14289 | D:14     | Reached skill level 10 in Invocations
 14289 | D:14     | Killed a ghoul
 14574 | D:14     | Noticed a ghoul
 14586 | D:14     | Noticed a ghoul
 14668 | D:14     | Killed a ghoul
 14683 | D:14     | Mangled by a skeletal warrior

Illustrated notes

Levels and vault maps discovered:
D:1:      dpeg_arrival_simpleton_c, layout_rooms,
          hellmonk_ecumenical_altar_leap_of_faith
D:2:      layout_rooms
D:3:      layout_rooms
D:4:      layout_basic, hangedman_ru_absence
D:5:      layout_loops_ring, kennysheep_generic_room_14, uniq_crazy_yiuf_cottage
D:6:      layout_basic, temple_fountains, serial_shops, shop, uniq_menkaure,
          uniq_maggie
D:7:      layout_basic, nicolae_ossuary_entry_ruins
D:8:      layout_loops_ring, gammafunk_ghost_arena
D:9:      layout_basic, minmay_lair_entry_grove
D:10:     layout_cave_pools, special_room [special_room_kobold], enter_trove_1,
          st_stairs_12, uniq_snorg
D:11:     layout_roguey, erik_orc_3, serial_shops, shop, shop,
          kennysheep_mini_moat, nicolae_square_shop, minivault_23
D:12:     layout_gridville, hellmonk_guarded_unrand_gong
D:13:     layout_long_grid, hangedman_vaults_entry_quadrant_bands, serial_shops,
          nicolae_shop_hallway_stairs, lemuel_flame_loot_1, uniq_erolcha,
          uniq_jorgrun, uniq_kirke
D:14:     layout_loops_cross, serial_undead, serial_undead_a, serial_undead_c,
          serial_undead_e, serial_undead_a, minmay_misc_feat_room,
          lemuel_old_faithful
D:15:     gammafunk_depths_entry_grave, layout_loops_cross,
          serial_bayou_shore_b, uniq_rupert
Temple:   roderic_octagonal_lattice_temple

Skill      XL: |  1  2  3  4  5  6  7  8  9 10 11 12 13 14 |
---------------+-------------------------------------------+-----
Fighting       | 1 2 3 5 6 7 9 10 11 | 11.8
Shields        | 1 2 3 4 6 7 8 |  8.0
Spellcasting   | 3 4 5 6 7 8 9 10 11 | 11.2
Invocations    | 3 5 7 8 9 10 | 10.5
Evocations     | 3 5 |  5.0
Polearms       | 3 5 |  5.8
Dodging        | |  2.1
Stealth        | |  1.5

Action                   |  1- 3 |  4- 6 |  7- 9 | 10-12 | 13-15 || total
-------------------------+-------+-------+-------+-------+-------++-------
Melee: Dagger            |    35 |    30 |    44 |    57 |       ||   166
       Trident           |       |       |       |     2 |    55 ||    57
 Cast: Sting             |    42 |    42 |     2 |     3 |       ||    89
       Foxfire           |    27 |     3 |   124 |    53 |       ||   207
       Mephitic Cloud    |       |     2 |     2 |    37 |    11 ||    52
       Poisonous Vapours |       |       |    20 |    54 |    16 ||    90
       Inner Flame       |       |       |    23 |    62 |    19 ||   104
       Olgreb's Toxic Ra |       |       |     4 |    11 |     4 ||    19
       Lightning Bolt    |       |       |       |    62 |    41 ||   103
       Passage of Golubr |       |       |       |     7 |     1 ||     8
       Lee's Rapid Decon |       |       |       |       |    21 ||    21
Evoke: Wand              |       |       |       |       |    10 ||    10
  Use: Scroll            |       |       |    16 |    10 |     4 ||    30
       Potion            |       |       |       |       |     4 ||     4
 Stab: Sleeping          |     1 |     2 |     2 |       |       ||     5
       Confused          |       |       |       |     3 |     1 ||     4
Armor: Robe              |    12 |     2 |     7 |       |       ||    21
       Ring mail         |       |     4 |       |       |       ||     4
       Steam dragon scal |       |       |    38 |    12 |       ||    50
       Troll leather arm |       |       |       |    12 |    20 ||    32
Dodge: Dodged            |    20 |    40 |    63 |   111 |    14 ||   248
Block: Buckler           |    13 |    10 |    21 |    30 |       ||    74
       Kite shield       |       |       |       |    20 |   187 ||   207

Table legend: (Time is in decaauts)
 A = Elapsed time spent in this place.
 B = Non-inter-level travel time spent in this place.
 C = Inter-level travel time spent in this place.
 D = Time resting spent in this place.
 E = Time spent auto-exploring this place.
 F = Levels seen in this place.
 G = Mean time per level.
                   A        B        C        D        E       F      G
               +--------+--------+--------+--------+--------+-----+--------+
         Total |  14718 |  14147 |    571 |   2804 |   8207 |  17 |  865.8 |
       Dungeon |  13574 |  13043 |    531 |   2408 |   7672 |  15 |  904.9 |
        Temple |    305 |    265 |     40 |      0 |    243 |   1 |  305.0 |
       Ossuary |    838 |    838 |      0 |    396 |    292 |   1 |  838.0 |
               +--------+--------+--------+--------+--------+-----+--------+

Top non-repeatable levels by time:
     D:9: 2524 daAuts
     D:6: 1274 daAuts
     D:5: 1075 daAuts
     D:8: 1055 daAuts
    D:11: 1031 daAuts
    D:10: 960 daAuts
    D:12: 909 daAuts
 Ossuary: 838 daAuts
     D:4: 810 daAuts
     D:1: 777 daAuts
     D:2: 743 daAuts
     D:7: 663 daAuts
    D:14: 579 daAuts
     D:3: 560 daAuts
    D:13: 506 daAuts
